AoeStats
← SeFFa

Black Forest

503447694Analyzed
2v2 RM · 1mo ago on Aug 31, 2026· 48m 59s· 4 players
Game mode
Random Map
Map size
Medium (4 player)
Population
200
Speed
Normal
Resources
Standard
Victory
Conquest
Starting age
Dark Age
Ending age
Imperial Age
RankedLock teamsTeams togetherTeam positionsShared explorationLock speedFull tech treeHidden civsTurbo modeCheats
Victory
Defeat
🇳🇿 Japanese · New Zealand
1362
+14
🇮🇳 Slavs · India
1331
+15
🇺🇸 Burgundians · United States
1336
-16
🇦🇹 Persians · Austria
1282
-13
UncleRambo69
2:36 Loom
14:15 Feudal Age
18:01 Castle Age
17:09 Fishing Lines
17:30 Double-Bit Axe
19:18 Bow Saw
20:01 Horse Collar
21:46 Wheelbarrow
21:27 Gillnets
21:58 Heavy Plow
22:09 Town Watch
23:23 Hand Cart
27:44 Scale Barding Armor
28:28 Forging
28:53 Bloodlines
33:48 Imperial Age
31:14 Gold Mining
31:18 Stone Mining
32:30 Iron Casting
31:58 Husbandry
32:36 Detinets
33:31 Gold Shaft Mining
34:42 Chain Barding Armor
34:16 Elite Boyar
35:59 Blast Furnace
36:05 Blast Furnace
35:27 Chain Barding Armor
38:06 Conscription
38:40 Plate Barding Armor
38:20 Fletching
38:32 Light Cavalry
40:18 Pikeman
40:58 Squires
41:01 Druzhina
40:45 Hussar
41:29 Bodkin Arrow
43:00 Two-Man Saw
42:23 Halberdier
43:06 Scale Mail Armor
44:14 Chain Mail Armor
45:25 Plate Mail Armor
47:29 Crop Rotation
NewNormal
0:46 Loom
10:45 Feudal Age
10:52 Man-at-Arms
11:23 Double-Bit Axe
12:22 Arson
19:56 Castle Age
17:59 Horse Collar
18:28 Gold Mining
20:32 Fletching
21:11 Bodkin Arrow
21:10 Crossbowman
31:08 Bow Saw
31:37 Wheelbarrow
38:07 Imperial Age
36:18 Scale Mail Armor
36:52 Forging
36:55 Stone Mining
37:12 Heavy Plow
36:40 Pikeman
38:02 Squires
38:25 Chain Mail Armor
39:22 Hand Cart
42:15 Gold Shaft Mining
41:29 Town Watch
42:49 Conscription
42:47 Halberdier
44:44 Iron Casting
44:45 Yasama
45:31 Plate Mail Armor
45:01 Elite Samurai
46:16 Kataparuto
47:15 Blast Furnace
46:38 Murder Holes
46:44 Bracer
47:48 Ballistics
48:33 Chemistry
47:53 Guard Tower
49:08 Hoardings
SeFFa
7:23 Loom
11:03 Feudal Age
17:16 Castle Age
24:13 Double-Bit Axe
28:39 Pikeman
29:23 Scale Mail Armor
30:35 Fishing Lines
32:51 Chain Mail Armor
32:47 Forging
32:42 Squires
34:09 Gold Mining
36:14 Bow Saw
37:17 Horse Collar
37:33 Arson
39:02 Iron Casting
43:23 Imperial Age
41:51 Fletching
42:02 Padded Archer Armor
43:00 Wheelbarrow
42:32 Heavy Plow
43:14 Bodkin Arrow
43:49 Ballistics
43:59 Leather Archer Armor
44:00 Stone Mining
43:38 Crossbowman
43:40 Elite Skirmisher
45:25 Ring Archer Armor
46:30 Thumb Ring
46:53 Parthian Tactics
49:56 Chemistry
Fritz X2453
0:35 Loom
8:09 Double-Bit Axe
12:21 Feudal Age
16:05 Castle Age
14:50 Bow Saw
16:21 Horse Collar
17:39 Heavy Plow
22:10 Wheelbarrow
24:22 Hand Cart
24:09 Gold Mining
29:19 Imperial Age
28:22 Scale Mail Armor
28:32 Forging
28:20 Stone Mining
28:37 Squires
29:11 Masonry
29:19 Chain Mail Armor
31:08 Chemistry
31:48 Plate Mail Armor
32:18 Burgundian Vineyards
34:14 Scale Barding Armor
34:44 Iron Casting
42:25 Blast Furnace
41:46 Chain Barding Armor
42:28 Conscription
47:48 Arson
47:33 Cavalier
48:13 Husbandry
48:49 Plate Barding Armor
Connection lost

Rejoining the realm…

Still unreachable

The connection could not be restored.

Session expired

The server has moved on; the page needs a fresh start.